[Event "82nd Italian Championship 2023"]
[Site "Brescia"]
[Date "2023.12.07"]
[Round "9.1"]
[White "Lodici, Lorenzo"]
[Black "Santagati, Alessandro"]
[Result "0-1"]
[ECO "D36"]
[WhiteElo "2550"]
[BlackElo "2245"]
[Annotator "TA"]
[PlyCount "154"]
[EventDate "2023.11.28"]
[EventType "tourn"]
[EventCountry "ITA"]
[SourceTitle "playchess.com"]
[Source "ChessBase"]
[SourceQuality "1"]
[TimeControl "40/6000+30:20/3000+30:900+30"]

1. d4 d5 2. c4 e6 3. Nc3 Nf6 4. cxd5 exd5 5. Bg5 Be7 6. e3 c6 7. Bd3 Nbd7 8. Qc2 Nh5 9. Bxe7 Qxe7 10. Nge2 Nb6 11. O-O {[%emt 0:00:18] 11.h3 is more advanced technology.} (11. Bxh7 g6 12. Bxg6 fxg6 13. Qxg6+ Kd8 $17) 11... g6 {[%emt 0:00:42] D36: Queen's Gambit Declined: Exchange Variation: Main line (5 Bg5 c6 6 Qc2).} 12. Rae1 O-O 13. Nc1 f5 {[%emt 0:10:05] The position is equal.} 14. Nb3 Be6 15. Nc5 {[%emt 0:02:17] [#]} Nf6 $146 ({Predecessor:} 15... Rae8 16. b4 a6 17. a4 Bc8 18. b5 axb5 19. axb5 Qg5 20. f4 Qe7 21. bxc6 bxc6 {1-0 Bekker Jensen,D (2259)-Sorensen,P (2061) Copenhagen Challenge 2015 (3)}) 16. f3 Rae8 17. b4 a6 18. a4 Qg7 19. Qb3 Bc8 20. b5 axb5 21. axb5 Nbd7 22. N5a4 Kh8 23. Qc2 Qh6 24. Qd2 Re6 25. Re2 Rfe8 26. Rfe1 Qf8 27. Rc1 Qb4 28. g3 Kg7 29. Ree1 h5 30. h4 Nf8 31. Nc5 R6e7 32. Bb1 ({White should try} 32. Bf1 $16 {Black must now prevent Ra1.} N8d7 33. Rb1) 32... b6 (32... N8d7 $1 $11) 33. Nd3 $36 {[%emt 0:01:56][%mdl 2048] White is in control.} Qd6 34. Ne2 ({Better is} 34. bxc6 $1 $16 {aiming for Ne5.} Qxg3+ 35. Qg2 Qxh4 36. Ne5) 34... c5 $1 $11 35. dxc5 bxc5 36. Rxc5 {[%emt 0:00:37] And now Rc6 would win.} Rxe3 {[%emt 0:00:58] [#]} 37. Rxc8 (37. Rc6 $1 $11 Qe7 38. Kf2) 37... Rxe2 $2 (37... Qb6 $1 $15 {keeps the upper hand.} 38. Rc6 (38. Rc5 $2 N8d7 $19) 38... Rxd3+ {[%mdl 64] Discovered Attack} 39. Rxb6 Rxd2) 38. Rxe2 $18 Rxc8 39. Kg2 Ne6 (39... Rb8 $16) 40. Ne5 ({White should play} 40. Qe3 $1 $18 Nc5 41. Qd4) 40... d4 (40... Re8 $16) 41. Ba2 d3 $2 (41... Nd5 42. Nc4 Qe7) 42. Nxd3 (42. Qxd3 Qxd3 43. Nxd3 Nd4 $14) 42... Nd4 43. Nf4 $1 ({Not} 43. Ne5 $2 Rc2 44. Nc6 Qxg3+ 45. Kxg3 Nxe2+ $19) 43... Kh7 (43... Rc2 $2 44. Qxd4 Rxe2+ 45. Nxe2 $18) 44. Qd3 (44. Bf7 $142) 44... Qb4 45. Rf2 $1 {[%emt 0:00:00] Qe3 is the strong threat.} Rc3 $2 (45... Rc1 {is tougher.}) 46. Qd2 Qc5 47. Bf7 $2 {[%emt 0:00:00] [#]} (47. Nxg6 $18 Rc2 48. Nf8+ {[%mdl 64] Deflection} Qxf8 49. Qxd4) 47... Nxf3 $1 $15 {[%emt 0:05:45] Excellent horsemanship.} 48. Bxg6+ (48. Rxf3 $2 Rc2 49. Rf2 (49. Bxg6+ $2 {too greedy.} Kh6 $19) 49... Rxd2 50. Rxd2 Kh6 $19) 48... Kh6 {[%emt 0:06:24] Really sharp!} 49. Qd8 {[%emt 0:00:00][%mdl 8192] [#] Black continues to play with concentration.} (49. Rxf3 $2 {loses.} Rc2 $19) (49. Qd1 $15) 49... Qxf2+ $3 $19 50. Kxf2 {[%emt 0:00:00][%cal Rd8f8] [#]} Ng4+ $1 51. Kf1 Rc1+ 52. Ke2 Rc2+ 53. Kd3 Rd2+ {[%emt 0:00:19][%mdl 64] Skewer} 54. Kc3 Rxd8 55. Bxf5 Ne3 56. Be4 Nd2 57. Bc6 Ndf1 58. Kb4 (58. Ne6 $142 Rc8 59. Kd4) 58... Nxg3 {[%emt 0:00:28] Strongly threatening ...Rd4+.} 59. Kc5 {[%emt 0:00:00] Dodges Rd4} Ngf5 60. b6 Nxh4 {[%emt 0:01:10] ...Ng6 would be deadly.} 61. b7 Ng6 62. Ne6 Rh8 {[%emt 0:00:00] Threatens to win with ...Ne5.} 63. Bd7 $2 (63. Nc7 Rd8 64. Na6) 63... Rb8 64. Kb6 Ne5 65. Bb5 N3c4+ 66. Kc7 {[%emt 0:00:00] [#]} Rxb7+ $3 {[%emt 0:00:00] Black mates.} 67. Kxb7 {[%emt 0:00:00] KBN-KNN} Nd6+ 68. Kb6 Nxb5 69. Kxb5 {[%emt 0:00:00] KN-KN} h4 70. Nc5 h3 71. Ne4 h2 72. Nf2 Kg5 73. Nh1 Kf4 74. Kc5 Kf3 75. Kd4 Ng4 76. Kd3 Nf2+ 77. Kd2 Nxh1 {[%emt 0:00:15] Beautiful play by Santagati!   Weighted Error Value: White=0.36/Black=0.33} 0-1

[Event "82nd Italian Championship 2023"]
[Site "Brescia"]
[Date "2023.12.07"]
[Round "9.2"]
[White "Brunello, Sabino"]
[Black "Dvirnyy, Danyyil"]
[Result "1/2-1/2"]
[ECO "D78"]
[WhiteElo "2492"]
[BlackElo "2495"]
[Annotator "RC"]
[PlyCount "55"]
[EventDate "2023.11.28"]
[EventType "tourn"]
[EventCountry "ITA"]
[SourceTitle "playchess.com"]
[Source "ChessBase"]
[SourceQuality "1"]
[TimeControl "40/6000+30:20/3000+30:900+30"]

1. c4 c6 2. Nf3 d5 3. g3 g6 4. Bg2 Bg7 5. O-O Nf6 6. b3 Ne4 7. d4 O-O 8. Bb2 Bf5 9. Nc3 Nxc3 10. Bxc3 Be4 11. Rc1 a5 12. e3 e6 13. Qe2 Nd7 14. Rfd1 Qe7 15. Bf1 Bxf3 16. Qxf3 Nf6 17. Be1 Ra7 18. Rc2 Rd8 19. a4 Ne4 20. Qe2 Nd6 21. Rb1 h5 22. Qf3 f5 23. Bd3 Qf7 24. Qd1 g5 25. cxd5 exd5 26. b4 axb4 27. Bxb4 Nc4 28. Qc1 1/2-1/2

[Event "82nd Italian Championship 2023"]
[Site "Brescia"]
[Date "2023.12.07"]
[Round "9.3"]
[White "Lumachi, Gabriele"]
[Black "David, Alberto"]
[Result "1/2-1/2"]
[ECO "E51"]
[WhiteElo "2395"]
[BlackElo "2532"]
[Annotator "TA"]
[PlyCount "95"]
[EventDate "2023.11.28"]
[EventType "tourn"]
[EventCountry "ITA"]
[SourceTitle "playchess.com"]
[Source "ChessBase"]
[SourceQuality "1"]
[TimeControl "40/6000+30:20/3000+30:900+30"]

1. d4 Nf6 2. c4 e6 3. Nc3 Bb4 4. e3 O-O 5. Bd2 b6 6. Nf3 d5 7. cxd5 exd5 {[%emt 0:00:06] The position is equal.} 8. Rc1 {[%emt 0:00:15] E51: Nimzo-Indian: Rubinstein: 4...0-0 5 Nf3 d5.} Be7 9. Bd3 c5 10. O-O Nc6 11. Ne5 Bb7 12. Be1 {[%emt 0:01:56] 12.a3 is the fancy move.} Bd6 13. f4 cxd4 14. Nxc6 Bxc6 15. exd4 {[%emt 0:00:55] [#]} a6 $146 ({Predecessor:} 15... Qd7 16. Qc2 Bb4 17. Ne2 Ba4 18. Qc7 Qxc7 19. Rxc7 Bd6 20. Rc1 Rfe8 21. Nc3 Bc6 {½-½ Bluebaum,M (2643)-Alekseenko,K (2674) FIDE Chess.com Grand Swiss 2019 (5)}) 16. Bh4 Be7 17. Qc2 h6 18. Rce1 Ra7 19. Nd1 Bb5 20. Ne3 Ne4 21. Bxe7 Rxe7 22. Bxb5 axb5 23. Qc6 Nd2 24. Nxd5 Rd7 25. Rf2 (25. Nxb6 $2 {too greedy.} Rxd4 26. Rf2 Rd6 $19) 25... Rxd5 26. Rxd2 Rxd4 27. Rde2 Rxf4 28. Qxb5 Qd4+ 29. Kh1 Qf6 {[%emt 0:00:38] [#] ( -> ...Rf1+)} 30. Kg1 {[%emt 0:00:51] Wards off Rf1+} Qd4+ 31. Kh1 Rd8 32. h3 Rd5 33. Qe8+ Kh7 34. Re4 Rxe4 35. Qxe4+ Qxe4 36. Rxe4 $11 {[%emt 0:00:06][%mdl 4096] Endgame KR-KR} f5 37. Rb4 b5 38. b3 g5 39. a4 bxa4 40. bxa4 Rd1+ 41. Kh2 f4 42. Rb7+ Kg6 43. Rb6+ Kg7 44. a5 Ra1 45. a6 h5 46. Rb7+ Kg6 47. Rb6+ Kg7 48. Rb7+ {[%emt 0:00:00] An interesting draw.   Weighted Error Value: White=0.02 (flawless) /Black=0.01 (flawless)} 1/2-1/2

[Event "82nd Italian Championship 2023"]
[Site "Brescia"]
[Date "2023.12.07"]
[Round "9.4"]
[White "Basso, Pier Luigi"]
[Black "Iermito, Sebastian"]
[Result "1/2-1/2"]
[ECO "D03"]
[WhiteElo "2483"]
[BlackElo "2524"]
[Annotator "RC"]
[PlyCount "20"]
[EventDate "2023.11.28"]
[EventType "tourn"]
[EventCountry "ITA"]
[SourceTitle "playchess.com"]
[Source "ChessBase"]
[SourceQuality "1"]
[TimeControl "40/6000+30:20/3000+30:900+30"]

1. d4 d5 2. Nf3 Nf6 3. c3 e6 4. Bg5 c5 5. e3 Nc6 6. Nbd2 Be7 7. Bd3 O-O 8. O-O b6 9. Qe2 Bb7 10. Rad1 h6 1/2-1/2

[Event "82nd Italian Championship 2023"]
[Site "Brescia"]
[Date "2023.12.07"]
[Round "9.5"]
[White "Gilevych, Artem"]
[Black "Carnicelli, Valerio"]
[Result "1/2-1/2"]
[ECO "E73"]
[WhiteElo "2416"]
[BlackElo "2423"]
[Annotator "RC"]
[PlyCount "32"]
[EventDate "2023.11.28"]
[EventType "tourn"]
[EventCountry "ITA"]
[SourceTitle "playchess.com"]
[Source "ChessBase"]
[SourceQuality "1"]
[TimeControl "40/6000+30:20/3000+30:900+30"]

1. d4 Nf6 2. c4 g6 3. Nc3 Bg7 4. e4 d6 5. Be2 O-O 6. Be3 e5 7. d5 Na6 8. h4 Nc5 9. Qc2 h5 10. f3 a5 11. Nh3 c6 12. Nf2 cxd5 13. cxd5 a4 14. Nb5 b6 15. Qd2 Bb7 16. O-O-O Qd7 1/2-1/2

[Event "82nd Italian Championship 2023"]
[Site "Brescia"]
[Date "2023.12.07"]
[Round "9.6"]
[White "Sonis, Francesco"]
[Black "Moroni, Luca Jr"]
[Result "0-1"]
[ECO "D85"]
[WhiteElo "2564"]
[BlackElo "2575"]
[Annotator "TA"]
[PlyCount "64"]
[EventDate "2023.11.28"]
[EventType "tourn"]
[EventCountry "ITA"]
[SourceTitle "playchess.com"]
[Source "ChessBase"]
[SourceQuality "1"]
[TimeControl "40/6000+30:20/3000+30:900+30"]

1. c4 g6 2. d4 Nf6 3. Nc3 d5 4. cxd5 Nxd5 5. e4 Nxc3 6. bxc3 Bg7 7. Be3 c5 8. Qd2 O-O 9. Rc1 (9. dxc5 Qa5 10. Rc1 Rd8 $17) 9... Nd7 {[%emt 0:01:44] D85: Exchange Grünfeld: Unusual White 7th moves and lines with 7 Nf3.} 10. h4 ({Much weaker is} 10. dxc5 Qc7 11. Nf3 Nxc5 $17) 10... e5 11. d5 f5 {[%emt 0:03:37] [#] Threatens to win with ...f4. The position is equal.} 12. f3 $146 (12. d6 $11 {keeps the balance.}) ({Predecessor:} 12. Bg5 Nf6 13. c4 Nxe4 14. Bxd8 Nxd2 15. Be7 Rf7 16. Bxc5 Nxf1 17. Kxf1 b6 18. Ba3 {0-1 Khattar,T (2027)-Costello,A (2259) World op 48th 2020 (6)}) 12... fxe4 13. h5 {[%emt 0:00:04] [#]} gxh5 14. Nh3 exf3 15. gxf3 e4 {[%emt 0:01:43] ...Ne5 is the strong threat.} 16. f4 {[%emt 0:09:43] [#] Repels Ne5} (16. Ng5 $17 {keeps fighting.}) 16... b6 $1 $19 17. Ng5 Nf6 18. d6 (18. a4 $142) 18... Qe8 19. f5 $2 (19. a4 {was called for.}) 19... Bxf5 20. Bc4+ Kh8 21. O-O Qg6 22. Rxf5 Qxf5 23. Be6 (23. Rf1 $142 Qg4+ 24. Qg2) 23... Qg6 24. Rf1 Qe8 $2 (24... Bh6 {...Bxg5 would be deadly.} 25. Rf5 Rad8) 25. Bf5 $2 (25. d7 Qe7 26. Bf4 Nxd7 27. Qxd7 Qxd7 28. Bxd7) 25... Qe5 26. Kg2 Nd5 27. Be6 Nxe3+ (27... Nxc3 $2 28. d7 Qc7 29. Rf7 $18) 28. Qxe3 Bh6 {[%emt 0:01:04] ( -> ...Rxf1)} (28... Qxc3 $2 {too greedy.} 29. Rxf8+ Rxf8 30. Nf7+ Rxf7 31. Qxc3 Bxc3 32. Bxf7 $19) 29. Rxf8+ Rxf8 30. Nf7+ {[%emt 0:00:03] [#]} Rxf7 $1 31. Qxh6 (31. d7 Rxd7) 31... Qg7+ (31... Rf3 $142 32. Qf8+ Rxf8 33. d7 Qg5+ 34. Kh2 Rf2+ 35. Kh3 Qg2+ 36. Kh4 Rf4+ 37. Kxh5 Qg6#) 32. Qxg7+ Kxg7 {[%emt 0:00:06] White got outplayed after the opening.   Weighted Error Value: White=1.41/Black=0.46} 0-1

[Event "82nd Italian Championship 2023"]
[Site "Brescia"]
[Date "2023.12.08"]
[Round "10.1"]
[White "Santagati, Alessandro"]
[Black "Moroni, Luca Jr"]
[Result "0-1"]
[ECO "E61"]
[WhiteElo "2245"]
[BlackElo "2575"]
[Annotator "TA"]
[PlyCount "84"]
[EventDate "2023.11.28"]
[EventType "tourn"]
[EventCountry "ITA"]
[SourceTitle "playchess.com"]
[Source "ChessBase"]
[SourceQuality "1"]
[TimeControl "40/6000+30:20/3000+30:900+30"]

1. d4 Nf6 2. Bf4 b6 3. Nf3 Bb7 4. e3 d6 5. h3 g6 6. c4 Bg7 7. Nc3 Nbd7 8. Be2 O-O 9. O-O Re8 10. Rc1 {[%emt 0:03:51] E61: King's Indian: Early deviations for White, including Smyslov System.} Ne4 $5 {[%emt 0:09:27][%mdl 4] A promising side line.} 11. Nxe4 Bxe4 12. Nd2 {[%emt 0:00:11] The position is equal.} Bb7 13. Bf3 {[%emt 0:02:08] [#]} c6 $146 ({Predecessor:} 13... Bxf3 14. Nxf3 e5 15. Bg3 e4 16. Nd2 a5 17. Qa4 Nf6 18. Rfd1 Qd7 19. Qc2 Qe6 {½-½ Nassr,A (2244)-Tairi,A (1737) ALG-chT Ain Oulmane 2019 (1.1)}) 14. Bh2 e5 15. Nb3 a5 16. a4 e4 17. Be2 Qe7 18. c5 bxc5 19. dxc5 d5 ({Resist} 19... Bxb2 20. Bxd6 Qf6 21. Rb1 $16) 20. Qd2 Qd8 21. Nd4 Be5 22. Bxe5 Nxe5 23. b4 axb4 24. Qxb4 Ba6 25. Rb1 (25. Bxa6 $15 Rxa6 26. Ra1) 25... Bxe2 $17 26. Nxe2 Qa5 {[%emt 0:04:55] Black is more active.} 27. Nd4 Qxa4 28. Qb7 Ra7 29. Qb6 Qa6 {[%emt 0:02:32] Prevents Ra1} 30. Rfc1 Rc8 31. Rc2 Nc4 32. Qb4 Qa4 33. Qxa4 Rxa4 34. Rb7 h5 35. h4 Kf8 36. Kh2 Ne5 37. Kg3 Kg7 38. f4 $2 {[%emt 0:06:11][%mdl 8192] [#] This move loses the game for White.} (38. Rc3 $17) 38... exf3 $2 (38... Ng4 $19 {has better winning chances.} 39. Re2 Nxe3 40. Ne6+ Kf6) 39. gxf3 Ra3 40. Kf4 (40. Rb3 $17 {was necessary.} Ra4 41. Rb7) 40... Re8 $19 41. Kg5 $2 (41. Re2) 41... Rxe3 42. Rf2 Nd3 {[%emt 0:06:36][%csl LRc5,LRf2] Weighted Error Value: White=0.65/Black=0.29 (precise)} 0-1

[Event "82nd Italian Championship 2023"]
[Site "Brescia"]
[Date "2023.12.08"]
[Round "10.2"]
[White "Carnicelli, Valerio"]
[Black "Sonis, Francesco"]
[Result "1/2-1/2"]
[ECO "C47"]
[WhiteElo "2423"]
[BlackElo "2564"]
[Annotator "TA"]
[PlyCount "114"]
[EventDate "2023.11.28"]
[EventType "tourn"]
[EventCountry "ITA"]
[SourceTitle "playchess.com"]
[Source "ChessBase"]
[SourceQuality "1"]
[TimeControl "40/6000+30:20/3000+30:900+30"]

1. e4 e5 2. Nf3 Nc6 3. Nc3 Nf6 4. d4 Bb4 5. Nxe5 Bxc3+ 6. bxc3 Qe7 $1 7. Nxc6 {[%emt 0:01:52] C47: Scotch Four Knights and Four Knights with 4 g3.} Qxe4+ 8. Qe2 {[%emt 0:02:36] And now Nb4 would win.} dxc6 9. f3 {[%emt 0:02:36][%mdl 64] [#] Pin. White has an edge. 9.f3 was played by the boomers.} Qe6 {[%emt 0:03:35] [#]} 10. Bg5 $146 ({Predecessor:} 10. Kf2 O-O 11. Qxe6 Bxe6 12. Bd3 Nd5 13. Bd2 Rfd8 14. Rab1 b5 15. a3 Nb6 16. Rhe1 {½-½ Jankunas,T (1946)-Malinin,Y (2344) Plunge op 31st 2011 (5)}) 10... Nd5 11. Kd2 Qxe2+ 12. Bxe2 Be6 13. Rhe1 (13. c4 $5 Nb6 14. Rhe1 $14) 13... f6 14. Bh4 Kf7 15. Bg3 Rhd8 16. Rab1 b6 17. Bd3 (17. c4 $5 Ne7 18. Kc3 $14 (18. Bxc7 Rxd4+ 19. Kc3 c5 $11)) 17... g6 18. Re2 {[%emt 0:02:12] Strongly threatening c4.} b5 19. Rbe1 (19. a4 $5 ) 19... Re8 20. a3 Rad8 ({Black should play} 20... Nb6 $11) 21. h4 {[%emt 0:01:48] White is more active.} (21. Re4 $14) 21... Bf5 22. Rxe8 Rxe8 23. Rxe8 Kxe8 24. c4 Bxd3 25. cxd3 bxc4 26. dxc4 $11 {[%emt 0:05:20][%mdl 4096] Endgame KB-KN} Nb6 27. Kc3 ({Don't play} 27. Bxc7 Nxc4+ 28. Kd3 Nxa3 $17) 27... Kd7 28. Kb4 Kc8 29. Bf4 Kb7 30. g4 Nd7 {[%emt 0:00:14] [#]} (30... f5 $14) 31. c5 $1 $16 Kc8 32. Kc4 Kd8 33. d5 (33. Kd3 $16) 33... Nb8 $1 $11 34. d6 cxd6 35. Bxd6 (35. cxd6 $14 Nd7 36. a4) 35... Nd7 {[%emt 0:00:16] The position is equal.} 36. Kd4 Ke8 37. Kc4 Kd8 38. Kb4 {[%emt 0:01:43] aiming for Ka5.} Kc8 $1 39. Kc3 Kd8 40. Kd4 Ke8 $1 41. Ke4 Kd8 42. f4 Ke8 43. f5 g5 44. hxg5 fxg5 45. f6 Nxf6+ 46. Kf5 Kf7 47. Kxg5 Ne4+ 48. Kh6 Kg8 49. g5 a5 50. g6 hxg6 51. Kxg6 Nxd6 52. cxd6 {[%emt 0:00:04] KPP-KPP} Kf8 53. Kf6 {[%emt 0:00:09] Hoping for d7.} Ke8 54. Ke6 a4 55. d7+ Kd8 56. Kd6 c5 {[%emt 0:00:01][%mdl 64] Deflection} 57. Kxc5 {[%emt 0:00:04] Threatens to win with Kc6.} Kxd7 {[%emt 0:00:03] Weighted Error Value: White=0.11 (very precise) /Black=0.09 (flawless)} 1/2-1/2

[Event "82nd Italian Championship 2023"]
[Site "Brescia"]
[Date "2023.12.08"]
[Round "10.4"]
[White "David, Alberto"]
[Black "Basso, Pier Luigi"]
[Result "1/2-1/2"]
[ECO "A12"]
[WhiteElo "2532"]
[BlackElo "2483"]
[Annotator "TA"]
[PlyCount "45"]
[EventDate "2023.11.28"]
[EventType "tourn"]
[EventCountry "ITA"]
[SourceTitle "playchess.com"]
[Source "ChessBase"]
[SourceQuality "1"]
[TimeControl "40/6000+30:20/3000+30:900+30"]

1. Nf3 d5 2. g3 c6 3. Bg2 Bf5 4. b3 h6 5. Bb2 e6 6. d3 Nf6 7. Nbd2 Bh7 8. O-O Be7 9. c4 O-O 10. a3 a5 11. Ra2 $1 {[%emt 0:01:36][%mdl 4] is recently more successful than 11.Qc2. A12: English Opening: 1...c6 with b3 by White.} Qb6 12. Qa1 Nbd7 13. Bh3 Rfd8 {[%emt 0:02:43] [#]} 14. cxd5 $146 ({Predecessor:} 14. Bc3 Qa6 15. Rc1 Ne8 16. Qb2 b5 17. cxd5 cxd5 18. Qa1 Rdc8 19. Rac2 Rc7 20. Bb2 Rxc2 21. Rxc2 {½-½ Sergeev,V (2489)-Perun,S (2344) Sakharov Memorial 2nd 2003 (6)}) 14... cxd5 15. Bd4 {[%emt 0:12:47] The position is equal.} Qa6 16. Rc1 Rac8 17. Rac2 Rc6 18. Rc3 Rdc8 19. R1c2 Rxc3 20. Rxc3 Rxc3 21. Bxc3 Qb6 22. Qb2 Bc5 23. Bd4 {[%emt 0:01:32] Not much happened in this game.   Weighted Error Value: White=0.03 (flawless) /Black=0.03 (flawless)} 1/2-1/2

[Event "82nd Italian Championship 2023"]
[Site "Brescia"]
[Date "2023.12.08"]
[Round "10.5"]
[White "Dvirnyy, Danyyil"]
[Black "Lumachi, Gabriele"]
[Result "1/2-1/2"]
[ECO "B08"]
[WhiteElo "2495"]
[BlackElo "2395"]
[Annotator "RC"]
[PlyCount "52"]
[EventDate "2023.11.28"]
[EventType "tourn"]
[EventCountry "ITA"]
[SourceTitle "playchess.com"]
[Source "ChessBase"]
[SourceQuality "1"]
[TimeControl "40/6000+30:20/3000+30:900+30"]

1. e4 g6 2. d4 d6 3. Nc3 c6 4. Nf3 Nf6 5. Be2 Bg7 6. O-O O-O 7. h3 Qc7 8. Be3 Nbd7 9. a4 e5 10. dxe5 dxe5 11. a5 Rd8 12. Qb1 Nf8 13. Qa2 Be6 14. Qa4 h6 15. Rfd1 Rxd1+ 16. Rxd1 Nh5 17. Nd2 Nf4 18. Bf1 Nd7 19. Bc4 Bf8 20. Bxf4 Nc5 21. Bxe5 Qxe5 22. Qa1 Bxc4 23. Nxc4 Qe6 24. Rd4 Bg7 25. e5 Bxe5 26. Nxe5 Qxe5 1/2-1/2

[Event "82nd Italian Championship 2023"]
[Site "Brescia"]
[Date "2023.12.08"]
[Round "10.6"]
[White "Lodici, Lorenzo"]
[Black "Brunello, Sabino"]
[Result "1/2-1/2"]
[ECO "D23"]
[WhiteElo "2550"]
[BlackElo "2492"]
[Annotator "TA"]
[PlyCount "44"]
[EventDate "2023.11.28"]
[EventType "tourn"]
[EventCountry "ITA"]
[SourceTitle "playchess.com"]
[Source "ChessBase"]
[SourceQuality "1"]
[TimeControl "40/6000+30:20/3000+30:900+30"]

1. d4 Nf6 2. c4 e6 3. Nc3 d5 4. Nf3 Nbd7 5. Qd3 dxc4 6. Qxc4 a6 7. Bf4 c5 8. dxc5 {[%emt 0:00:35] D23: Queen's Gambit Accepted: 3 Nf3 Nf6 sidelines.} Bxc5 9. b4 b5 10. Qb3 {[%emt 0:00:06] Black is slightly better.} Be7 11. e4 (11. e3 $15) 11... Bb7 $17 12. Bd3 {[%emt 0:03:49] [#]} O-O ({Better is} 12... a5 $1 $17 13. bxa5 (13. Nxb5 $2 {perishes.} Bxb4+ 14. Ke2 Nc5 $19) (13. Bxb5 axb4 14. e5 Ra3 $17 {[%mdl 64] Skewer}) 13... b4) 13. O-O $11 {[%emt 0:00:56] [#]} Nh5 $146 (13... a5 {with more complications.} 14. a3 axb4 15. axb4 Nc5) ({Predecessor:} 13... a5 14. Rad1 axb4 15. Nxb5 Nc5 16. Qc4 Qa5 17. Bc7 Qa6 18. e5 Bd5 19. Qxb4 Nxd3 20. Qxe7 Bxf3 21. gxf3 {0-1 Reyes Zavaleta,C (1858)-Zhong,R (1858) Pan American-ch School U13 12th 2023 (7)}) 14. Be3 Qb8 15. Rad1 Rd8 16. Nd4 Ne5 ({Black should play} 16... Nhf6 $15 17. f3 Bd6) 17. Be2 Nf6 {[%emt 0:00:06] [#] And now ...Neg4 would win.} 18. f3 {[%emt 0:09:07] Dodges Neg4} (18. Nxe6 $5 Rxd1 19. Rxd1 fxe6 20. Qxe6+ Kf8 21. f4 $11) 18... Nc6 (18... Ng6 $5 ) 19. Nc2 Rxd1 (19... Bd6 $5 20. f4 e5 $11) 20. Rxd1 Bd6 21. g3 (21. h3 $11) 21... Qf8 (21... Bxg3 $15 22. hxg3 Qxg3+ 23. Kf1 Ne5) 22. a3 Rc8 {[%emt 0:02:02] Weighted Error Value: White=0.22 (precise) /Black=0.28 (precise)} 1/2-1/2

[Event "82nd Italian Championship 2023"]
[Site "Brescia"]
[Date "2023.12.09"]
[Round "11.1"]
[White "Brunello, Sabino"]
[Black "Santagati, Alessandro"]
[Result "1-0"]
[ECO "A13"]
[WhiteElo "2492"]
[BlackElo "2245"]
[Annotator "RC"]
[PlyCount "93"]
[EventDate "2023.11.28"]
[EventType "tourn"]
[EventCountry "ITA"]
[SourceTitle "playchess.com"]
[Source "ChessBase"]
[SourceQuality "1"]
[TimeControl "40/6000+30:20/3000+30:900+30"]

1. c4 e6 2. g3 d5 3. Bg2 dxc4 4. Qa4+ Nd7 5. Qxc4 a6 6. Qc2 Ngf6 7. Nf3 c5 8. O-O b5 9. a4 Bb7 10. Nc3 Qb6 11. d3 Be7 12. e4 O-O 13. Be3 Rac8 14. h3 Nb8 15. axb5 axb5 16. Qb3 Rfd8 17. Rfd1 b4 18. Na4 Qb5 19. Ne5 Nc6 20. Nc3 Na5 21. Nxb5 Nxb3 22. Ra7 Rb8 23. Bf3 Ne8 24. Nc4 Bf6 25. Bf4 e5 26. Bxe5 Bxe5 27. Nxe5 f6 28. Bg4 fxe5 29. Be6+ Kf8 30. Bxb3 Rd7 31. Ra5 Ke7 32. Bc4 Bxe4 33. Re1 Bxd3 34. Bxd3 Rxd3 35. Rxe5+ Kf8 36. Rxc5 Rd2 37. Ra7 b3 38. Nc7 Rxb2 39. Rf5+ Kg8 40. Ne6 h6 41. Rf8+ Kh7 42. Nxg7 Ra2 43. Re7 Kg6 44. Nxe8 Ra1+ 45. Kg2 Rxe8 46. Rfxe8 b2 47. Re6+ 1-0

[Event "82nd Italian Championship 2023"]
[Site "Brescia"]
[Date "2023.12.09"]
[Round "11.2"]
[White "Lumachi, Gabriele"]
[Black "Lodici, Lorenzo"]
[Result "0-1"]
[ECO "A84"]
[WhiteElo "2395"]
[BlackElo "2550"]
[Annotator "RC"]
[PlyCount "134"]
[EventDate "2023.11.28"]
[EventType "tourn"]
[EventCountry "ITA"]
[SourceTitle "playchess.com"]
[Source "ChessBase"]
[SourceQuality "1"]
[TimeControl "40/6000+30:20/3000+30:900+30"]

1. d4 e6 2. c4 f5 3. g4 Bb4+ 4. Bd2 Bxd2+ 5. Qxd2 fxg4 6. Nc3 Nh6 7. O-O-O O-O 8. f4 c5 9. d5 e5 10. fxe5 Qe7 11. e6 dxe6 12. d6 Qh4 13. Bg2 Qf2 14. Be4 Nf5 15. Nb5 Ne3 16. Nc7 Nxd1 17. Kxd1 Bd7 18. Nxa8 Bc6 19. Bxc6 Nxc6 20. Nh3 gxh3 21. Nc7 Nd4 22. Nb5 Rd8 23. Kc1 Nxe2+ 24. Kb1 a6 25. Qa5 Rd7 26. Qc7 Qf5+ 27. Ka1 e5 28. Qc8+ Kf7 29. Nc7 Kg6 30. Nd5 Kh6 31. Ne3 Qe6 32. Qxc5 g6 33. Nd5 Qxd6 34. Qe3+ Nf4 35. Rf1 Kg7 36. a3 Nxd5 37. cxd5 Qxd5 38. Qxh3 Qd6 39. Qh4 Qe7 40. Qg3 Rd6 41. h4 h5 42. Re1 e4 43. Qc3+ Kh7 44. Qb3 Re6 45. Re3 Qd7 46. Qc4 Qc6 47. Qf1 Kg7 48. Rc3 Qd6 49. Qc1 Re7 50. Qe3 b5 51. Rc5 Qf6 52. Rc8 a5 53. Ra8 a4 54. Rc8 Rd7 55. Qc1 Qd4 56. Rc7 e3 57. Rxd7+ Qxd7 58. Qc3+ Kf7 59. Qe5 Qe7 60. Qh8 e2 61. Qh7+ Kf6 62. Qh8+ Kf5 63. Qc8+ Kf4 64. Qc1+ Qe3 65. Qe1 Kf3 66. Qh1+ Kg3 67. Qe1+ Kg2 0-1

[Event "82nd Italian Championship 2023"]
[Site "Brescia"]
[Date "2023.12.09"]
[Round "11.3"]
[White "Basso, Pier Luigi"]
[Black "Dvirnyy, Danyyil"]
[Result "1/2-1/2"]
[ECO "D14"]
[WhiteElo "2483"]
[BlackElo "2495"]
[Annotator "RC"]
[PlyCount "21"]
[EventDate "2023.11.28"]
[EventType "tourn"]
[EventCountry "ITA"]
[SourceTitle "playchess.com"]
[Source "ChessBase"]
[SourceQuality "1"]
[TimeControl "40/6000+30:20/3000+30:900+30"]

1. d4 d5 2. c4 c6 3. Nf3 Nf6 4. cxd5 cxd5 5. Nc3 Nc6 6. Bf4 Bf5 7. e3 e6 8. Bd3 Bxd3 9. Qxd3 Bd6 10. Bxd6 Qxd6 11. O-O 1/2-1/2